| TOP OF THE 1ST |
|
Evansville Triplets batting - Pitching for Oklahoma City 89ers : RHP Vicente Prieto
|
|
Pitching: RHP Vicente Prieto
|
|
|
Batting: LHB Greg Gross
|
0-0: Ball 1-0: Foul Ball, location: 2F 1-1: Ball 2-1: Ball 3-1: Foul Ball, location: 2F 3-2: Foul Ball, location: 2F 3-2: Base on Balls
|
|
Batting: RHB Cory Mihalic
|
0-0: Ball 1-0: Ball 2-0: Called Strike 2-1: Foul Ball, location: 2F 2-2: Grounds into double play, 6-4-3 (Groundball, 6, EV 86.3 MPH)
|
|
Batting: LHB Lloyd Moseby
|
0-0: Swinging Strike 0-1: Ball 1-1: Called Strike 1-2: Strikes out swinging
|
| Top of the 1st over - 0 runs, 0 hits, 0 errors, 0 left on base; Evansville 0 - Oklahoma City 0 |
| BOTTOM OF THE 1ST |
|
Oklahoma City 89ers batting - Pitching for Evansville Triplets : RHP Pat Jones
|
|
Pitching: RHP Pat Jones
|
|
|
Batting: RHB David Green
|
0-0: Foul Ball, location: 2F 0-1: Ground out 5-3 (Groundball, 56S, EV 73.1 MPH)
|
|
Batting: RHB John Christensen
|
0-0: Ball 1-0: Called Strike 1-1: Ground out 5-3 (Groundball, 56S, EV 74.4 MPH)
|
|
Batting: LHB Tom O'Malley
|
0-0: Ball 1-0: Called Strike 1-1: Foul Ball, location: 2F 1-2: SINGLE (Line Drive, 7S, EV 89.4 MPH)
|
|
Batting: RHB Glenn Braggs
|
0-0: Ball 1-0: Ball 2-0: Ball 3-0: Swinging Strike 3-1: Foul Ball, location: 2F 3-2: Ground out U3 (Groundball, 3L, EV 83.8 MPH)
|
| Bottom of the 1st over - 0 runs, 1 hit, 0 errors, 1 left on base; Evansville 0 - Oklahoma City 0 |
| TOP OF THE 2ND |
|
Evansville Triplets batting - Pitching for Oklahoma City 89ers : RHP Vicente Prieto
|
|
Batting: RHB Ron Kittle
|
0-0: Fly out, F7 (Flyball, 78S, EV 90.6 MPH)
|
|
Batting: SHB Mickey Tettleton
|
0-0: Ground out 4-3 (Groundball, 4, EV 77.5 MPH)
|
|
Batting: RHB Mike Allen
|
0-0: Ground out 6-3 (Groundball, 56, EV 105.0 MPH)
|
| Top of the 2nd over - 0 runs, 0 hits, 0 errors, 0 left on base; Evansville 0 - Oklahoma City 0 |
| BOTTOM OF THE 2ND |
|
Oklahoma City 89ers batting - Pitching for Evansville Triplets : RHP Pat Jones
|
|
Batting: RHB Cecil Fielder
|
0-0: Called Strike 0-1: Ball 1-1: Swinging Strike 1-2: Ball 2-2: Foul Ball, location: 2F 2-2: Foul Ball, location: 2F 2-2: Strikes out swinging, 2-3 out at first.
|
|
Batting: RHB Nick Esasky
|
0-0: Called Strike 0-1: Called Strike 0-2: Ball 1-2: Ball 2-2: Foul Ball, location: 2F 2-2: SINGLE (Flyball, 89S, EV 85.0 MPH)
|
|
Batting: LHB John Harris
|
0-0: Called Strike 0-1: Ball 1-1: Hit by Pitch Nick Esasky to second
|
|
Batting: RHB Danny Jasso
|
0-0: Grounds into double play, 5-4-3 (Groundball, 56, EV 78.8 MPH)
|
| Bottom of the 2nd over - 0 runs, 1 hit, 0 errors, 1 left on base; Evansville 0 - Oklahoma City 0 |
| TOP OF THE 3RD |
|
Evansville Triplets batting - Pitching for Oklahoma City 89ers : RHP Vicente Prieto
|
|
Batting: LHB Luis Alfaro
|
0-0: Called Strike 0-1: Ball 1-1: Ball 2-1: Ball 3-1: SINGLE (Flyball, 4D, EV 86.3 MPH)
|
|
Batting: RHB Jaden Smith
|
0-0: Ball 1-0: SINGLE (Groundball, 34D, EV 100.6 MPH) Luis Alfaro to second Runner from 2nd tries for 3rd, SAFE, no throw by RF
|
|
Batting: RHB Ed Jurak
|
0-0: Grounds into double play, 4-6-3 (Groundball, 34, EV 90.0 MPH) Luis Alfaro scores
|
|
Batting: LHB Greg Gross
|
0-0: Ground out U3 (Groundball, 3, EV 89.4 MPH)
|
| Top of the 3rd over - 1 run, 2 hits, 0 errors, 0 left on base; Evansville 1 - Oklahoma City 0 |
| BOTTOM OF THE 3RD |
|
Oklahoma City 89ers batting - Pitching for Evansville Triplets : RHP Pat Jones
|
|
Batting: RHB Robert Bailey
|
0-0: Ball 1-0: Ground out 6-3 (Groundball, 6, EV 91.9 MPH)
|
|
Batting: RHB David Green
|
0-0: Ball 1-0: Fly out, F7 (Flyball, 78XD, EV 89.4 MPH)
|
|
Batting: RHB John Christensen
|
0-0: Ball 1-0: Foul Ball, location: 2F 1-1: Foul Ball, location: 2F 1-2: Ball 2-2: Foul Ball, location: 2F 2-2: Ground out 6-3 (Groundball, 56, EV 86.3 MPH)
|
| Bottom of the 3rd over - 0 runs, 0 hits, 0 errors, 0 left on base; Evansville 1 - Oklahoma City 0 |
| TOP OF THE 4TH |
|
Evansville Triplets batting - Pitching for Oklahoma City 89ers : RHP Vicente Prieto
|
|
Batting: RHB Cory Mihalic
|
0-0: Fly out, F8 (Flyball, 8LD, EV 102.5 MPH)
|
|
Batting: LHB Lloyd Moseby
|
0-0: Ball 1-0: DOUBLE (Line Drive, 7LS, EV 106.9 MPH)
|
|
Batting: RHB Ron Kittle
|
0-0: Ball 1-0: Called Strike 1-1: Ball Lloyd Moseby is caught stealing 3rd base 2-5 2-1: Called Strike 2-2: Strikes out swinging
|
| Top of the 4th over - 0 runs, 1 hit, 0 errors, 0 left on base; Evansville 1 - Oklahoma City 0 |
| BOTTOM OF THE 4TH |
|
Oklahoma City 89ers batting - Pitching for Evansville Triplets : RHP Pat Jones
|
|
Batting: LHB Tom O'Malley
|
0-0: Swinging Strike 0-1: Foul Ball, location: 2F 0-2: Strikes out swinging
|
|
Batting: RHB Glenn Braggs
|
0-0: Ball 1-0: Called Strike 1-1: Called Strike 1-2: Foul Ball, location: 2F 1-2: Foul Ball, location: 2F 1-2: Foul Ball, location: 2F 1-2: Foul Ball, location: 2F 1-2: Strikes out swinging
|
|
Batting: RHB Cecil Fielder
|
0-0: Called Strike 0-1: Foul Ball, location: 2F 0-2: Strikes out swinging
|
| Bottom of the 4th over - 0 runs, 0 hits, 0 errors, 0 left on base; Evansville 1 - Oklahoma City 0 |
| TOP OF THE 5TH |
|
Evansville Triplets batting - Pitching for Oklahoma City 89ers : RHP Vicente Prieto
|
|
Batting: SHB Mickey Tettleton
|
0-0: Called Strike 0-1: Ball 1-1: SINGLE (Groundball, 34D, EV 106.9 MPH)
|
|
Batting: RHB Mike Allen
|
0-0: Sac Bunt to 23 - play at first, batter OUT! 3-4 Mickey Tettleton to second
|
|
Batting: LHB Luis Alfaro
|
0-0: Intentional Walk
|
|
Batting: RHB Jaden Smith
|
0-0: Ball 1-0: Called Strike 1-1: Ball 2-1: Foul Ball, location: 2F 2-2: Ball 3-2: SINGLE (Groundball, 56D, EV 105.6 MPH) Mickey Tettleton to third Luis Alfaro to second Runner from 3rd tries for Home, throw by LF and OUT! 7-2
|
|
Batting: RHB Ed Jurak
|
0-0: Called Strike 0-1: Fly out, F4 (Popup, 34S, EV 86.9 MPH)
|
| Top of the 5th over - 0 runs, 2 hits, 0 errors, 2 left on base; Evansville 1 - Oklahoma City 0 |
| BOTTOM OF THE 5TH |
|
Oklahoma City 89ers batting - Pitching for Evansville Triplets : RHP Pat Jones
|
|
Batting: RHB Nick Esasky
|
0-0: Ground out 3-1 (Groundball, 34, EV 81.3 MPH)
|
|
Batting: LHB John Harris
|
0-0: Ball 1-0: Ground out 4-3 (Groundball, 4, EV 85.6 MPH)
|
|
Batting: RHB Danny Jasso
|
0-0: Foul Ball, location: 2F 0-1: Called Strike 0-2: Ball 1-2: Ground out 4-3 (Groundball, 4, EV 90.0 MPH)
|
| Bottom of the 5th over - 0 runs, 0 hits, 0 errors, 0 left on base; Evansville 1 - Oklahoma City 0 |
| TOP OF THE 6TH |
|
Evansville Triplets batting - Pitching for Oklahoma City 89ers : RHP Vicente Prieto
|
|
Batting: LHB Greg Gross
|
0-0: Ball 1-0: Foul Ball, location: 2F 1-1: Swinging Strike 1-2: Ball 2-2: Ball 3-2: Base on Balls
|
|
Batting: RHB Cory Mihalic
|
0-0: Ball 1-0: Sac Bunt to 5S - play at first, batter OUT! 5-3 Greg Gross to second
|
|
Batting: LHB Lloyd Moseby
|
0-0: Intentional Walk
|
|
Batting: RHB Ron Kittle
|
0-0: Called Strike Greg Gross steals 3rd base 0-1: Ball 1-1: Ball 2-1: Grounds into double play, 6-4-3 (Groundball, 6M, EV 85.0 MPH)
|
| Top of the 6th over - 0 runs, 0 hits, 0 errors, 1 left on base; Evansville 1 - Oklahoma City 0 |
| BOTTOM OF THE 6TH |
|
Oklahoma City 89ers batting - Pitching for Evansville Triplets : RHP Pat Jones
|
|
Batting: RHB Robert Bailey
|
0-0: Foul Ball, location: 2F 0-1: Called Strike 0-2: Ball 1-2: Ball 2-2: Foul Ball, location: 2F 2-2: Ball 3-2: Ground out 6-3 (Groundball, 6, EV 81.9 MPH)
|
|
Batting: RHB David Green
|
0-0: Ball 1-0: Foul Ball, location: 2F 1-1: Swinging Strike 1-2: Ball 2-2: Foul Ball, location: 2F 2-2: Ground out U3 (Groundball, 34, EV 89.4 MPH)
|
|
Batting: RHB John Christensen
|
0-0: SINGLE (Groundball, 6MD, EV 98.1 MPH)
|
|
Batting: LHB Tom O'Malley
|
0-0: Called Strike 0-1: Ball 1-1: Foul Ball, location: 2F 1-2: Foul Ball, location: 2F 1-2: Ground out 4-3 (Groundball, 4, EV 83.1 MPH)
|
| Bottom of the 6th over - 0 runs, 1 hit, 0 errors, 1 left on base; Evansville 1 - Oklahoma City 0 |
| TOP OF THE 7TH |
|
Evansville Triplets batting - Pitching for Oklahoma City 89ers : RHP Vicente Prieto
|
|
Batting: SHB Mickey Tettleton
|
0-0: Ground out 5-3 (Groundball, 5, EV 81.3 MPH)
|
|
Batting: RHB Mike Allen
|
0-0: Called Strike 0-1: Ball 1-1: Ground out U3 (Groundball, 3L, EV 103.8 MPH)
|
|
Batting: LHB Luis Alfaro
|
0-0: Ball 1-0: Called Strike 1-1: Called Strike 1-2: Fly out, F4 (Line Drive, 4, EV 71.3 MPH)
|
| Top of the 7th over - 0 runs, 0 hits, 0 errors, 0 left on base; Evansville 1 - Oklahoma City 0 |
| BOTTOM OF THE 7TH |
|
Oklahoma City 89ers batting - Pitching for Evansville Triplets : RHP Pat Jones
|
|
Batting: RHB Glenn Braggs
|
0-0: Swinging Strike 0-1: Swinging Strike 0-2: Strikes out swinging
|
|
Batting: RHB Cecil Fielder
|
0-0: Ball 1-0: Ball 2-0: Ball 3-0: Called Strike 3-1: Called Strike 3-2: Foul Ball, location: 2F 3-2: Base on Balls
|
|
Batting: RHB Nick Esasky
|
0-0: Ball 1-0: Grounds into double play, 4-6-3 (Groundball, 4S, EV 93.1 MPH)
|
| Bottom of the 7th over - 0 runs, 0 hits, 0 errors, 0 left on base; Evansville 1 - Oklahoma City 0 |
| TOP OF THE 8TH |
|
Evansville Triplets batting - Pitching for Oklahoma City 89ers : RHP Vicente Prieto
|
|
Batting: RHB Jaden Smith
|
0-0: Swinging Strike 0-1: Ball 1-1: Foul Ball, location: 2F 1-2: Fly out, F7 (Flyball, 8LS, EV 86.3 MPH)
|
|
Batting: RHB Ed Jurak
|
0-0: Called Strike 0-1: Ball 1-1: Foul Ball, location: 2F 1-2: Ball 2-2: Ground out 5-3 (Groundball, 56, EV 104.4 MPH)
|
|
Batting: LHB Greg Gross
|
0-0: SINGLE (Groundball, 4MD, EV 101.9 MPH)
|
|
Batting: RHB Cory Mihalic
|
0-0: Ball 1-0: Ball Greg Gross steals 2nd base 2-0: Ball 3-0: Called Strike 3-1: Swinging Strike 3-2: Strikes out swinging
|
| Top of the 8th over - 0 runs, 1 hit, 0 errors, 1 left on base; Evansville 1 - Oklahoma City 0 |
| BOTTOM OF THE 8TH |
|
Oklahoma City 89ers batting - Pitching for Evansville Triplets : RHP Pat Jones
|
|
Batting: LHB John Harris
|
0-0: Ball 1-0: Ball 2-0: Ball 3-0: Called Strike 3-1: Foul Ball, location: 2F 3-2: Ground out U3 (Groundball, 3S, EV 85.6 MPH)
|
|
Pitching: LHP Randy Niemann
|
|
|
Batting: RHB Danny Jasso
|
0-0: Ball 1-0: SINGLE (Flyball, 56D, EV 90.0 MPH)
|
|
Batting: RHB Robert Bailey
|
0-0: Foul Ball, location: 2F 0-1: Ball 1-1: Ball 2-1: Ball 3-1: Grounds into double play, 6-4-3 (Groundball, 56S, EV 85.0 MPH)
|
| Bottom of the 8th over - 0 runs, 1 hit, 0 errors, 0 left on base; Evansville 1 - Oklahoma City 0 |
| TOP OF THE 9TH |
|
Evansville Triplets batting - Pitching for Oklahoma City 89ers : RHP Vicente Prieto
|
|
Batting: LHB Lloyd Moseby
|
0-0: Called Strike 0-1: Ground out 4-3 (Groundball, 4, EV 83.8 MPH)
|
|
Batting: RHB Ron Kittle
|
0-0: Ball 1-0: Called Strike 1-1: Ball 2-1: Ball 3-1: Swinging Strike 3-2: Base on Balls
|
|
Batting: SHB Mickey Tettleton
|
0-0: Ball 1-0: Ball 2-0: Ball 3-0: Called Strike 3-1: Foul Ball, location: 2F 3-2: Fly out, F5 (Popup, 5L, EV 58.8 MPH)
|
|
Batting: RHB Mike Allen
|
0-0: Ground out 4-3 (Groundball, 4, EV 83.8 MPH)
|
| Top of the 9th over - 0 runs, 0 hits, 0 errors, 1 left on base; Evansville 1 - Oklahoma City 0 |
| BOTTOM OF THE 9TH |
|
Oklahoma City 89ers batting - Pitching for Evansville Triplets : LHP Randy Niemann
|
|
Batting: RHB David Green
|
0-0: Ball 1-0: Called Strike 1-1: SINGLE (Groundball, 6MD, EV 108.1 MPH)
|
|
Batting: RHB John Christensen
|
0-0: Called Strike 0-1: Swinging Strike 0-2: Ball 1-2: Ball 2-2: Fielders Choice at 2nd, 3-6 (Groundball, 3, EV 102.5 MPH)
|
|
Batting: LHB Tom O'Malley
|
0-0: Ball 1-0: Ball 2-0: Called Strike 2-1: Foul Ball, location: 2F 2-2: Ball 3-2: Foul Ball, location: 2F 3-2: Fly out, F8 (Line Drive, 8LM, EV 100.0 MPH)
|
|
Batting: RHB Glenn Braggs
|
0-0: Foul Ball, location: 2F 0-1: Hit by Pitch John Christensen to second
|
|
Batting: RHB Cecil Fielder
|
0-0: Called Strike 0-1: Ball 1-1: Ball 2-1: Called Strike 2-2: Fly out, F9 (Flyball, 89M, EV 94.4 MPH)
|
| Bottom of the 9th over - 0 runs, 1 hit, 0 errors, 2 left on base; Evansville 1 - Oklahoma City 0 |
|